Workbook
Name _Hlk69135122: 'Matriz de Riesgos Contratacion'!#REF!

Sheet Hoja1 (2)
B1: IMPACTO
B2: CALIFICACIÓN | D2: Obstruye la ejecución del contrato de manera intrascendente | E2: Dificulta la ejecución del contrato de manera baja. Aplicando medidas mínimas se puede lograr el objeto del contrato | F2: Afecta la ejecución del contrato sin alterar el beneficio de las partes | G2: Obstruye la ejecución del contrato sustancialmente pero aun así permite la consecución del objeto contractual | H2: Perturba la ejecución del contrato de manera grave imposibilitando la consecución del objeto contractual
B3: CUANTITATIVA
B4: DESCRIPCIÓN | C4: Valor | D4: Insignificante | E4: Menor | F4: Moderado | G4: Mayor | H4: Catastrófico
D5: 1 | E5: 2 | F5: 3 | G5: 4 | H5: 5 | I5: 8. Probabilidad | J5: 9. Impacto | K5: 10. Valoración
A6: 1 | B6: Modalidad de Contratación inadecuada. | C6: 1 | D6: 2 | I6: =+C6 -> 1 | J6: =+K6-I6 -> 1 | K6: =SUM(D6:H6) -> 2
A7: =+A6+1 -> 2 | B7: Requisitos habilitantes inapropiados. | C7: 2 | E7: 4 | I7: =+C7 -> 2 | J7: =+K7-I7 -> 2 | K7: =SUM(D7:H7) -> 4
A8: =+A7+1 -> 3 | B8: Descripción poco clara del bien a contratar o de los entregables y/o especificaciones de este. | C8: 1 | E8: 3 | I8: =+C8 -> 1 | J8: =+K8-I8 -> 2 | K8: =SUM(D8:H8) -> 3
A9: =+A8+1 -> 4 | B9: El proceso no garantice transparencia, equidad y libre competencia. | C9: 1 | D9: 2 | I9: =+C9 -> 1 | J9: =+K9-I9 -> 1 | K9: =SUM(D9:H9) -> 2 | M9: VALORACION | N9: CATEGORIA | O9: NRO. RIESGOS | P9: PORCENTAJE
A10: =+A9+1 -> 5 | B10: Deficiente análisis del sector | C10: 1 | F10: 4 | I10: =+C10 -> 1 | J10: =+K10-I10 -> 3 | K10: =SUM(D10:H10) -> 4 | M10: 8,9 Y 10 | N10: EXTREMO | O10: =COUNTIF(D6:H38,8)+COUNTIF(D6:H38,9)+COUNTIF(D6:H38,10) -> 0 | P10: =+O10/$O$14 -> 0
A11: =+A10+1 -> 6 | B11: Diseño deficiente del proceso de contratación | C11: 1 | E11: 3 | I11: =+C11 -> 1 | J11: =+K11-I11 -> 2 | K11: =SUM(D11:H11) -> 3 | M11: 6 Y 7 | N11: ALTO | O11: =COUNTIF(D6:H38,6)+COUNTIF(D6:H38,7) -> 8 | P11: =+O11/$O$14 -> 0.24242424
A12: =+A11+1 -> 7 | B12: Corrupción: Selección de contratista que no cumple requisitos | C12: 1 | E12: 3 | I12: =+C12 -> 1 | J12: =+K12-I12 -> 2 | K12: =SUM(D12:H12) -> 3 | M12: 5 | N12: MEDIO | O12: =COUNTIF(D6:H38,5) -> 10 | P12: =+O12/$O$14 -> 0.3030303
A13: =+A12+1 -> 8 | B13: Selección de contratista con inhabilidad o incompatibilidad. | C13: 2 | H13: 7 | I13: =+C13 -> 2 | J13: =+K13-I13 -> 5 | K13: =SUM(D13:H13) -> 7 | M13: 2, 3 Y 4 | N13: BAJO | O13: =COUNTIF(D6:H38,2)+COUNTIF(D6:H38,3)+COUNTIF(D6:H38,4) -> 15 | P13: =+O13/$O$14 -> 0.45454545
A14: =+A13+1 -> 9 | B14: Seleccionar contratista con oferta artificialmente baja. | C14: 1 | F14: 4 | I14: =+C14 -> 1 | J14: =+K14-I14 -> 3 | K14: =SUM(D14:H14) -> 4 | M14: TOTAL | O14: =SUM(O10:O13) -> 33 | P14: 1
A15: =+A14+1 -> 10 | B15: Que no se firme el contrato o que se firme tardíamente | C15: 1 | H15: 6 | I15: =+C15 -> 1 | J15: =+K15-I15 -> 5 | K15: =SUM(D15:H15) -> 6
A16: =+A15+1 -> 11 | B16: No presentación, presentación incompleta o tardía de garantías. | C16: 2 | H16: 7 | I16: =+C16 -> 2 | J16: =+K16-I16 -> 5 | K16: =SUM(D16:H16) -> 7
A17: =+A16+1 -> 12 | B17: No publicación o publicación inoportuna del contrato (cuando se presente indisponibilidad de la plataforma SECOP II) | C17: 2 | F17: 5 | I17: =+C17 -> 2 | J17: =+K17-I17 -> 3 | K17: =SUM(D17:H17) -> 5
A18: =+A17+1 -> 13 | B18: Reclamos de terceros sobre la selección del contratista. | C18: 2 | D18: 3 | I18: =+C18 -> 2 | J18: =+K18-I18 -> 1 | K18: =SUM(D18:H18) -> 3
A19: =+A18+1 -> 14 | B19: No registro o registro tardío del contrato. | C19: 1 | D19: 2 | I19: =+C19 -> 1 | J19: =+K19-I19 -> 1 | K19: =SUM(D19:H19) -> 2
A20: =+A19+1 -> 15 | B20: No entrega o entrega tardía de los documentos exigibles para la firma del inicio del contrato, diferentes a las Garantías | C20: 2 | F20: 5 | I20: =+C20 -> 2 | J20: =+K20-I20 -> 3 | K20: =SUM(D20:H20) -> 5
A21: =+A20+1 -> 16 | B21: Retrasos o demoras en el trámite de las actas parciales de parte de la entidad por hechos imputables al contratista. | C21: 3 | E21: 5 | I21: =+C21 -> 3 | J21: =+K21-I21 -> 2 | K21: =SUM(D21:H21) -> 5
A22: =+A21+1 -> 17 | B22: No legalización de subcontratos dentro del contrato principal. | C22: 3 | E22: 5 | I22: =+C22 -> 3 | J22: =+K22-I22 -> 2 | K22: =SUM(D22:H22) -> 5
A23: =+A22+1 -> 18 | B23: La aplicación de nuevos impuestos, tasas y/o deducciones a adiciones que deban aplicarse al contrato, conforme a la normatividad vigente. | C23: 2 | E23: 4 | I23: =+C23 -> 2 | J23: =+K23-I23 -> 2 | K23: =SUM(D23:H23) -> 4
A24: =+A23+1 -> 19 | B24: Paros, huelgas o protestas sobre las vías del departamento de Risaralda. | C24: 2 | F24: 5 | I24: =+C24 -> 2 | J24: =+K24-I24 -> 3 | K24: =SUM(D24:H24) -> 5
A25: =+A24+1 -> 20 | B25: Riesgo Humano por accidente laboral que afecte al personal del contratista sin perjuicios a terceros. | C25: 2 | E25: 4 | I25: =+C25 -> 2 | J25: =+K25-I25 -> 2 | K25: =SUM(D25:H25) -> 4
A26: =+A25+1 -> 21 | B26: Riesgo por huelgas sindicales de los empleados que afecten el cumplimiento del objeto del contrato. | C26: 1 | F26: 4 | I26: =+C26 -> 1 | J26: =+K26-I26 -> 3 | K26: =SUM(D26:H26) -> 4
A27: =+A26+1 -> 22 | B27: Suministrar personal que no suple la necesidad de la entidad. | C27: 1 | G27: 5 | I27: =+C27 -> 1 | J27: =+K27-I27 -> 4 | K27: =SUM(D27:H27) -> 5
A28: =+A27+1 -> 23 | B28: Demandas al contratista por despidos y/o retiros de trabajadores. | C28: 3 | E28: 5 | I28: =+C28 -> 3 | J28: =+K28-I28 -> 2 | K28: =SUM(D28:H28) -> 5
A29: =+A28+1 -> 24 | B29: Riesgo por aportar personal no afiliado a los sistemas de salud, pensión y riesgos laborales o que estos no estén debidamente diligenciados. | C29: 2 | H29: 7 | I29: =+C29 -> 2 | J29: =+K29-I29 -> 5 | K29: =SUM(D29:H29) -> 7
A30: =+A29+1 -> 25 | B30: Demandas al departamento por el no pago o cumplimiento de las obligaciones financieras del contratista respecto a su personal adscrito al contrato. | C30: 3 | F30: 6 | I30: =+C30 -> 3 | J30: =+K30-I30 -> 3 | K30: =SUM(D30:H30) -> 6
A31: =+A30+1 -> 26 | B31: Ausentismo laboral injustificado o sin el lleno de los requisitos legales. | C31: 2 | G31: 6 | I31: =+C31 -> 2 | J31: =+K31-I31 -> 4 | K31: =SUM(D31:H31) -> 6
A32: =+A31+1 -> 27 | B32: El contratista deberá asumir las multas y sanciones que se originen por la contravención de normas ambientales, durante la ejecución del contrato. | C32: 2 | F32: 5 | I32: =+C32 -> 2 | J32: =+K32-I32 -> 3 | K32: =SUM(D32:H32) -> 5
A33: =+A32+1 -> 28 | B33: Intensidad de lluvias superior a la media histórica que impida o atrase ejecución de los trabajos de campo para el desarrollo del contrato. | C33: 1 | E33: 3 | I33: =+C33 -> 1 | J33: =+K33-I33 -> 2 | K33: =SUM(D33:H33) -> 3
A34: =+A33+1 -> 29 | B34: El contratista deberá asumir el riesgo relacionado con el factor climático de la zona donde se ejecutará el contrato. | C34: 3 | F34: 6 | I34: =+C34 -> 3 | J34: =+K34-I34 -> 3 | K34: =SUM(D34:H34) -> 6
A35: =+A34+1 -> 30 | B35: Sismo o falla geológica que genere daños que impidan el acceso o la movilización de equipos y/o personas | C35: 3 | F35: 6 | I35: =+C35 -> 3 | J35: =+K35-I35 -> 3 | K35: =SUM(D35:H35) -> 6
A36: =+A35+1 -> 31 | B36: Ocurrencia de emergencias tales como derrumbes, pérdidas de banca o inundaciones | C36: 2 | F36: 5 | I36: =+C36 -> 2 | J36: =+K36-I36 -> 3 | K36: =SUM(D36:H36) -> 5
A37: =+A36+1 -> 32 | B37: Los efectos desfavorables originados por nuevas normas durante la ejecución del contrato y que sean aplicables al proyecto. | C37: 1 | E37: 3 | I37: =+C37 -> 1 | J37: =+K37-I37 -> 2 | K37: =SUM(D37:H37) -> 3
A38: =+A37+1 -> 33 | B38: Presencia de Riesgos Biológicos. Se refiere a la posibilidad que durante la ejecución del contrato, los colaboradores del Contratista, presenten sintomas de enfermedades altamente contagiosas y que afecten y deterioren la Salud del Personal. Tales como el COVID-19, entre otros. | C38: 2 | F38: 5 | I38: =+C38 -> 2 | J38: =+K38-I38 -> 3 | K38: =SUM(D38:H38) -> 5

Sheet Matriz de Riesgos Contratacion
B1: ATENCIÓN: DILIGENCIE LAS CELDAS EN COLOR GRIS.
B2: MATRIZ DE IDENTIFICACIÓN, EVALUACIÓN Y TRATAMIENTO DE RIESGOS EN PROCESOS CONTRACTUALES
B3: No. PROCESO | G3: OBJETO: "SUMINISTRO DEL PERSONAL EN MISIÓN PARA LA ATENCIÓN DE LAS EMERGENCIAS VIALES QUE SE PRESENTAN EN EL DEPARTAMENTO Y LAS DIFERENTES ACTIVIDADES QUE ADELANTA LA SECRETARIA DE INFRAESTRUCTURA DEL DEPARTAMENTO DE RISARALDA" | U3: CLASE DE CONTRATO
B4: SI-SASI-06-2025 | U4: SELECCIÓN ABREVIADA DE SUBASTA INVERSA
A7: IDENTIFICACIÓN | G7: EVALUACIÓN | N7: TRATAMIENTO
A8: 1. Número | B8: 2. Clase | C8: 3. Fuente | D8: 4. Etapa | E8: 5. Tipo | F8: 6. Descripción | G8: 7. Consecuencia de la ocurrencia del evento | H8: 8. Probabilidad | J8: 9. Impacto | L8: 10. Valoración | M8: 11. Categoría | N8: 12. ¿A quién se le asigna? | O8: 13. Tratamiento / Control a ser implementado | P8: Impacto después del tratamiento | V8: 18. ¿Afecta la ejecución del contrato? | W8: 19. Responsable por implementar el tratamiento | X8: 20. Fecha estimada en que se inicia el tratamiento | Y8: 21. Fecha estimada en que se completa el tratamiento | Z8: Monitoreo y revisión
P9: 14. Probabilidad | R9: 15. Impacto | T9: 16. Valoración | U9: 17. Categoría | Z9: 22. ¿Cómo se realiza el monitoreo? | AA9: 23. Periodicidad
A10: 1 | B10: General | C10: Interno | D10: Planeación | E10: Operacionales | F10: =+_xlfn.XLOOKUP(A10,'Hoja1 (2)'!$A$6:$A$38,'Hoja1 (2)'!$B$6:$B$38) -> Modalidad de Contratación inadecuada. | G10: 1, Proceso viciado 2, Revocatoria del proceso 3, Riesgo de demandas | H10: {=+_xlfn.XLOOKUP(F10,'Hoja1 (2)'!B6:$B$55,'Hoja1 (2)'!I6:$I$55,)} -> 1 | I10: =IF(H10=1,"Raro (puede ocurrir excepcionalmente",IF(H10=2,"Improbable (puede ocurrir ocasionalmente)",IF(H10=3,"Posible (puede ocurrrir en cualquier momento)",IF(H10=4,"Probable (probablemente va a ocurrir","Casi cierto")))) -> Raro (puede ocurrir excepcionalmente | J10: {=_xlfn.XLOOKUP(F10,'Hoja1 (2)'!$B6:B$55,'Hoja1 (2)'!J6:$J$55)} -> 1 | K10: =IF(J10=1,"INSIGNIFICANTE",IF(J10=2,"MENOR",IF(J10=3,"MODERADO",IF(J10=4,"MAYOR","CATASTRÓFICO")))) -> INSIGNIFICANTE | L10: =+H10+J10 -> 2 | M10: =IF(OR(L10=0,L10=1,L10=2,L10=3,L10=4),"Bajo",IF(L10=5,"Medio",IF(OR(L10=6,L10=7),"Alto",IF(OR(L10=8,L10=9,L10=10),"Extremo","error")))) -> Bajo | N10: Entidad (100%) | O10: Mayor capacitación y asesoría jurídica | P10: 1 | Q10: =IF(P10=1,"Raro (puede ocurrir excepcionalmente",IF(P10=2,"Improbable (puede ocurrir ocasionalmente)",IF(P10=3,"Posible (puede ocurrrir en cualquier momento)",IF(P10=4,"Probable (probablemente va a ocurrir","Casi cierto")))) -> Raro (puede ocurrir excepcionalmente | R10: 1 | S10: =IF(R10=1,"INSIGNIFICANTE",IF(R10=2,"MENOR",IF(R10=3,"MODERADO",IF(R10=4,"MAYOR","CATASTRÓFICO")))) -> INSIGNIFICANTE | T10: =+P10+R10 -> 2 | U10: =IF(OR(T10=0,T10=1,T10=2,T10=3,T10=4),"Bajo",IF(T10=5,"Medio",IF(OR(T10=6,T10=7),"Alto",IF(OR(T10=8,T10=9,T10=10),"Extremo","error")))) -> Bajo | V10: No | W10: Secretario(a)s Jurídico e Infraestructura | X10: Publicacion de proyecto pliegos | Y10: publicacion del pliego definitivo | Z10: Revision por el secretario de infraestructura -Revision secretario juridico | AA10: Etapa Pre contra actual
A11: =+A10+1 -> 2 | B11: General | C11: Interno | D11: Planeación | E11: Operacionales | F11: =+_xlfn.XLOOKUP(A11,'Hoja1 (2)'!$A$6:$A$38,'Hoja1 (2)'!$B$6:$B$38) -> Requisitos habilitantes inapropiados. | G11: 1, Proceso viciado 2, Revocatoria del proceso 3, Riesgo de demandas | H11: {=+_xlfn.XLOOKUP(F11,'Hoja1 (2)'!B7:$B$55,'Hoja1 (2)'!I7:$I$55,)} -> 2 | I11: =IF(H11=1,"Raro (puede ocurrir excepcionalmente",IF(H11=2,"Improbable (puede ocurrir ocasionalmente)",IF(H11=3,"Posible (puede ocurrrir en cualquier momento)",IF(H11=4,"Probable (probablemente va a ocurrir","Casi cierto")))) -> Improbable (puede ocurrir ocasionalmente) | J11: {=_xlfn.XLOOKUP(F11,'Hoja1 (2)'!$B7:B$55,'Hoja1 (2)'!J7:$J$55)} -> 2 | K11: =IF(J11=1,"INSIGNIFICANTE",IF(J11=2,"MENOR",IF(J11=3,"MODERADO",IF(J11=4,"MAYOR","CATASTRÓFICO")))) -> MENOR | L11: =+H11+J11 -> 4 | M11: =IF(OR(L11=0,L11=1,L11=2,L11=3,L11=4),"Bajo",IF(L11=5,"Medio",IF(OR(L11=6,L11=7),"Alto",IF(OR(L11=8,L11=9,L11=10),"Extremo","error")))) -> Bajo | N11: Entidad (100%) | O11: Mayor capacitación y asesoría jurídica | P11: 1 | Q11: =IF(P11=1,"Raro (puede ocurrir excepcionalmente",IF(P11=2,"Improbable (puede ocurrir ocasionalmente)",IF(P11=3,"Posible (puede ocurrrir en cualquier momento)",IF(P11=4,"Probable (probablemente va a ocurrir","Casi cierto")))) -> Raro (puede ocurrir excepcionalmente | R11: 2 | S11: =IF(R11=1,"INSIGNIFICANTE",IF(R11=2,"MENOR",IF(R11=3,"MODERADO",IF(R11=4,"MAYOR","CATASTRÓFICO")))) -> MENOR | T11: =+P11+R11 -> 3 | U11: =IF(OR(T11=0,T11=1,T11=2,T11=3,T11=4),"Bajo",IF(T11=5,"Medio",IF(OR(T11=6,T11=7),"Alto",IF(OR(T11=8,T11=9,T11=10),"Extremo","error")))) -> Bajo | V11: No | W11: Secretario(a)s Jurídico e Infraestructura | X11: Publicacion de proyecto pliegos | Y11: publicacion del pliego definitivo | Z11: Revision por el secretario de infraestructura -Revision secretario juridico | AA11: Etapa Pre contra actual
A12: =+A11+1 -> 3 | B12: General | C12: Interno | D12: Planeación | E12: Operacionales | F12: =+_xlfn.XLOOKUP(A12,'Hoja1 (2)'!$A$6:$A$38,'Hoja1 (2)'!$B$6:$B$38) -> Descripción poco clara del bien a contratar o de los entregables y/o especificaciones de este. | G12: 1, Proceso viciado 2,Dificultal en el cumplimiento del objeto del contrato | H12: {=+_xlfn.XLOOKUP(F12,'Hoja1 (2)'!B8:$B$55,'Hoja1 (2)'!I8:$I$55,)} -> 1 | I12: =IF(H12=1,"Raro (puede ocurrir excepcionalmente",IF(H12=2,"Improbable (puede ocurrir ocasionalmente)",IF(H12=3,"Posible (puede ocurrrir en cualquier momento)",IF(H12=4,"Probable (probablemente va a ocurrir","Casi cierto")))) -> Raro (puede ocurrir excepcionalmente | J12: {=_xlfn.XLOOKUP(F12,'Hoja1 (2)'!$B8:B$55,'Hoja1 (2)'!J8:$J$55)} -> 2 | K12: =IF(J12=1,"INSIGNIFICANTE",IF(J12=2,"MENOR",IF(J12=3,"MODERADO",IF(J12=4,"MAYOR","CATASTRÓFICO")))) -> MENOR | L12: =+H12+J12 -> 3 | M12: =IF(OR(L12=0,L12=1,L12=2,L12=3,L12=4),"Bajo",IF(L12=5,"Medio",IF(OR(L12=6,L12=7),"Alto",IF(OR(L12=8,L12=9,L12=10),"Extremo","error")))) -> Bajo | N12: Entidad (100%) | O12: Mayor capacitación y asesoría jurídica | P12: 1 | Q12: =IF(P12=1,"Raro (puede ocurrir excepcionalmente",IF(P12=2,"Improbable (puede ocurrir ocasionalmente)",IF(P12=3,"Posible (puede ocurrrir en cualquier momento)",IF(P12=4,"Probable (probablemente va a ocurrir","Casi cierto")))) -> Raro (puede ocurrir excepcionalmente | R12: 1 | S12: =IF(R12=1,"INSIGNIFICANTE",IF(R12=2,"MENOR",IF(R12=3,"MODERADO",IF(R12=4,"MAYOR","CATASTRÓFICO")))) -> INSIGNIFICANTE | T12: =+P12+R12 -> 2 | U12: =IF(OR(T12=0,T12=1,T12=2,T12=3,T12=4),"Bajo",IF(T12=5,"Medio",IF(OR(T12=6,T12=7),"Alto",IF(OR(T12=8,T12=9,T12=10),"Extremo","error")))) -> Bajo | V12: No | W12: Secretario(a)s Jurídico e Infraestructura | X12: Publicacion de proyecto pliegos | Y12: publicacion del pliego definitivo | Z12: Revision por el secretario de infraestructura -Revision secretario juridico | AA12: Etapa Pre contra actual
A13: =+A12+1 -> 4 | B13: General | C13: Interno | D13: Planeación | E13: Operacionales | F13: =+_xlfn.XLOOKUP(A13,'Hoja1 (2)'!$A$6:$A$38,'Hoja1 (2)'!$B$6:$B$38) -> El proceso no garantice transparencia, equidad y libre competencia. | G13: 1, Proceso viciado 2, Revocatoria del proceso 3, Riesgo de demandas | H13: {=+_xlfn.XLOOKUP(F13,'Hoja1 (2)'!B9:$B$55,'Hoja1 (2)'!I9:$I$55,)} -> 1 | I13: =IF(H13=1,"Raro (puede ocurrir excepcionalmente",IF(H13=2,"Improbable (puede ocurrir ocasionalmente)",IF(H13=3,"Posible (puede ocurrrir en cualquier momento)",IF(H13=4,"Probable (probablemente va a ocurrir","Casi cierto")))) -> Raro (puede ocurrir excepcionalmente | J13: {=_xlfn.XLOOKUP(F13,'Hoja1 (2)'!$B9:B$55,'Hoja1 (2)'!J9:$J$55)} -> 1 | K13: =IF(J13=1,"INSIGNIFICANTE",IF(J13=2,"MENOR",IF(J13=3,"MODERADO",IF(J13=4,"MAYOR","CATASTRÓFICO")))) -> INSIGNIFICANTE | L13: =+H13+J13 -> 2 | M13: =IF(OR(L13=0,L13=1,L13=2,L13=3,L13=4),"Bajo",IF(L13=5,"Medio",IF(OR(L13=6,L13=7),"Alto",IF(OR(L13=8,L13=9,L13=10),"Extremo","error")))) -> Bajo | N13: Entidad (100%) | O13: Mayor capacitación y asesoría jurídica | P13: 1 | Q13: =IF(P13=1,"Raro (puede ocurrir excepcionalmente",IF(P13=2,"Improbable (puede ocurrir ocasionalmente)",IF(P13=3,"Posible (puede ocurrrir en cualquier momento)",IF(P13=4,"Probable (probablemente va a ocurrir","Casi cierto")))) -> Raro (puede ocurrir excepcionalmente | R13: 1 | S13: =IF(R13=1,"INSIGNIFICANTE",IF(R13=2,"MENOR",IF(R13=3,"MODERADO",IF(R13=4,"MAYOR","CATASTRÓFICO")))) -> INSIGNIFICANTE | T13: =+P13+R13 -> 2 | U13: =IF(OR(T13=0,T13=1,T13=2,T13=3,T13=4),"Bajo",IF(T13=5,"Medio",IF(OR(T13=6,T13=7),"Alto",IF(OR(T13=8,T13=9,T13=10),"Extremo","error")))) -> Bajo | V13: No | W13: Secretario(a)s Jurídico e Infraestructura | X13: Publicacion de proyecto pliegos | Y13: publicacion del pliego definitivo | Z13: Revision por el secretario de infraestructura -Revision secretario juridico | AA13: Etapa Pre contra actual
A14: =+A13+1 -> 5 | B14: General | C14: Interno | D14: Planeación | E14: Operacionales | F14: =+_xlfn.XLOOKUP(A14,'Hoja1 (2)'!$A$6:$A$38,'Hoja1 (2)'!$B$6:$B$38) -> Deficiente análisis del sector | G14: 1, Proceso viciado 2,Alto riesgo de declarar desierto el proceso 3,Alto riesgo de desequilibrio economico del contrato | H14: {=+_xlfn.XLOOKUP(F14,'Hoja1 (2)'!B10:$B$55,'Hoja1 (2)'!I10:$I$55,)} -> 1 | I14: =IF(H14=1,"Raro (puede ocurrir excepcionalmente",IF(H14=2,"Improbable (puede ocurrir ocasionalmente)",IF(H14=3,"Posible (puede ocurrrir en cualquier momento)",IF(H14=4,"Probable (probablemente va a ocurrir","Casi cierto")))) -> Raro (puede ocurrir excepcionalmente | J14: {=_xlfn.XLOOKUP(F14,'Hoja1 (2)'!$B10:B$55,'Hoja1 (2)'!J10:$J$55)} -> 3 | K14: =IF(J14=1,"INSIGNIFICANTE",IF(J14=2,"MENOR",IF(J14=3,"MODERADO",IF(J14=4,"MAYOR","CATASTRÓFICO")))) -> MODERADO | L14: =+H14+J14 -> 4 | M14: =IF(OR(L14=0,L14=1,L14=2,L14=3,L14=4),"Bajo",IF(L14=5,"Medio",IF(OR(L14=6,L14=7),"Alto",IF(OR(L14=8,L14=9,L14=10),"Extremo","error")))) -> Bajo | N14: Entidad (100%) | O14: Mayor capacitación y asesoría jurídica | P14: 1 | Q14: =IF(P14=1,"Raro (puede ocurrir excepcionalmente",IF(P14=2,"Improbable (puede ocurrir ocasionalmente)",IF(P14=3,"Posible (puede ocurrrir en cualquier momento)",IF(P14=4,"Probable (probablemente va a ocurrir","Casi cierto")))) -> Raro (puede ocurrir excepcionalmente | R14: 1 | S14: =IF(R14=1,"INSIGNIFICANTE",IF(R14=2,"MENOR",IF(R14=3,"MODERADO",IF(R14=4,"MAYOR","CATASTRÓFICO")))) -> INSIGNIFICANTE | T14: =+P14+R14 -> 2 | U14: =IF(OR(T14=0,T14=1,T14=2,T14=3,T14=4),"Bajo",IF(T14=5,"Medio",IF(OR(T14=6,T14=7),"Alto",IF(OR(T14=8,T14=9,T14=10),"Extremo","error")))) -> Bajo | V14: No | W14: Secretario(a)s Jurídico e Infraestructura | X14: Publicacion de proyecto pliegos | Y14: publicacion del pliego definitivo | Z14: Revision por el secretario de infraestructura -Revision secretario juridico | AA14: Etapa Pre contra actual
A15: =+A14+1 -> 6 | B15: General | C15: Interno | D15: Planeación | E15: Operacionales | F15: =+_xlfn.XLOOKUP(A15,'Hoja1 (2)'!$A$6:$A$38,'Hoja1 (2)'!$B$6:$B$38) -> Diseño deficiente del proceso de contratación | G15: 1, Proceso viciado 2,Alto riesgo de declarar desierto el proceso 3,Alto riesgo de desequilibrio economico del contrato | H15: {=+_xlfn.XLOOKUP(F15,'Hoja1 (2)'!B11:$B$55,'Hoja1 (2)'!I11:$I$55,)} -> 1 | I15: =IF(H15=1,"Raro (puede ocurrir excepcionalmente",IF(H15=2,"Improbable (puede ocurrir ocasionalmente)",IF(H15=3,"Posible (puede ocurrrir en cualquier momento)",IF(H15=4,"Probable (probablemente va a ocurrir","Casi cierto")))) -> Raro (puede ocurrir excepcionalmente | J15: {=_xlfn.XLOOKUP(F15,'Hoja1 (2)'!$B11:B$55,'Hoja1 (2)'!J11:$J$55)} -> 2 | K15: =IF(J15=1,"INSIGNIFICANTE",IF(J15=2,"MENOR",IF(J15=3,"MODERADO",IF(J15=4,"MAYOR","CATASTRÓFICO")))) -> MENOR | L15: =+H15+J15 -> 3 | M15: =IF(OR(L15=0,L15=1,L15=2,L15=3,L15=4),"Bajo",IF(L15=5,"Medio",IF(OR(L15=6,L15=7),"Alto",IF(OR(L15=8,L15=9,L15=10),"Extremo","error")))) -> Bajo | N15: Entidad (100%) | O15: Mayor capacitación y asesoría jurídica | P15: 1 | Q15: =IF(P15=1,"Raro (puede ocurrir excepcionalmente",IF(P15=2,"Improbable (puede ocurrir ocasionalmente)",IF(P15=3,"Posible (puede ocurrrir en cualquier momento)",IF(P15=4,"Probable (probablemente va a ocurrir","Casi cierto")))) -> Raro (puede ocurrir excepcionalmente | R15: 1 | S15: =IF(R15=1,"INSIGNIFICANTE",IF(R15=2,"MENOR",IF(R15=3,"MODERADO",IF(R15=4,"MAYOR","CATASTRÓFICO")))) -> INSIGNIFICANTE | T15: =+P15+R15 -> 2 | U15: =IF(OR(T15=0,T15=1,T15=2,T15=3,T15=4),"Bajo",IF(T15=5,"Medio",IF(OR(T15=6,T15=7),"Alto",IF(OR(T15=8,T15=9,T15=10),"Extremo","error")))) -> Bajo | V15: No | W15: Secretario(a)s Jurídico e Infraestructura | X15: Publicacion de proyecto pliegos | Y15: publicacion del pliego definitivo | Z15: Revision por el secretario de infraestructura -Revision secretario juridico | AA15: Etapa Pre contra actual
A16: =+A15+1 -> 7 | B16: General | C16: Interno | D16: Selección | E16: Operacionales | F16: =+_xlfn.XLOOKUP(A16,'Hoja1 (2)'!$A$6:$A$38,'Hoja1 (2)'!$B$6:$B$38) -> Corrupción: Selección de contratista que no cumple requisitos | G16: 1, Proceso viciado o manipulado 2, Riesgo de demandas al Departamento | H16: {=+_xlfn.XLOOKUP(F16,'Hoja1 (2)'!B12:$B$55,'Hoja1 (2)'!I12:$I$55,)} -> 1 | I16: =IF(H16=1,"Raro (puede ocurrir excepcionalmente",IF(H16=2,"Improbable (puede ocurrir ocasionalmente)",IF(H16=3,"Posible (puede ocurrrir en cualquier momento)",IF(H16=4,"Probable (probablemente va a ocurrir","Casi cierto")))) -> Raro (puede ocurrir excepcionalmente | J16: {=_xlfn.XLOOKUP(F16,'Hoja1 (2)'!$B12:B$55,'Hoja1 (2)'!J12:$J$55)} -> 2 | K16: =IF(J16=1,"INSIGNIFICANTE",IF(J16=2,"MENOR",IF(J16=3,"MODERADO",IF(J16=4,"MAYOR","CATASTRÓFICO")))) -> MENOR | L16: =+H16+J16 -> 3 | M16: =IF(OR(L16=0,L16=1,L16=2,L16=3,L16=4),"Bajo",IF(L16=5,"Medio",IF(OR(L16=6,L16=7),"Alto",IF(OR(L16=8,L16=9,L16=10),"Extremo","error")))) -> Bajo | N16: Entidad (100%) | O16: Mayor capacitación y asesoría jurídica para mejorar aspectos en la evalaucion del contratista | P16: 1 | Q16: =IF(P16=1,"Raro (puede ocurrir excepcionalmente",IF(P16=2,"Improbable (puede ocurrir ocasionalmente)",IF(P16=3,"Posible (puede ocurrrir en cualquier momento)",IF(P16=4,"Probable (probablemente va a ocurrir","Casi cierto")))) -> Raro (puede ocurrir excepcionalmente | R16: 1 | S16: =IF(R16=1,"INSIGNIFICANTE",IF(R16=2,"MENOR",IF(R16=3,"MODERADO",IF(R16=4,"MAYOR","CATASTRÓFICO")))) -> INSIGNIFICANTE | T16: =+P16+R16 -> 2 | U16: =IF(OR(T16=0,T16=1,T16=2,T16=3,T16=4),"Bajo",IF(T16=5,"Medio",IF(OR(T16=6,T16=7),"Alto",IF(OR(T16=8,T16=9,T16=10),"Extremo","error")))) -> Bajo | V16: No | W16: Secretario(a)s Jurídico e Infraestructura | X16: Publicacion de proyecto pliegos | Y16: Publicacion resolucion de adjudicacion | Z16: Secretrario de infraestructura - Comite tecnico y evaluacion juridica | AA16: Etapa de selección
A17: =+A16+1 -> 8 | B17: General | C17: Interno | D17: Selección | E17: Operacionales | F17: =+_xlfn.XLOOKUP(A17,'Hoja1 (2)'!$A$6:$A$38,'Hoja1 (2)'!$B$6:$B$38) -> Selección de contratista con inhabilidad o incompatibilidad. | G17: 1, Proceso viciado o manipulado 2, Riesgo de demandas al Departamento | H17: {=+_xlfn.XLOOKUP(F17,'Hoja1 (2)'!B13:$B$55,'Hoja1 (2)'!I13:$I$55,)} -> 2 | I17: =IF(H17=1,"Raro (puede ocurrir excepcionalmente",IF(H17=2,"Improbable (puede ocurrir ocasionalmente)",IF(H17=3,"Posible (puede ocurrrir en cualquier momento)",IF(H17=4,"Probable (probablemente va a ocurrir","Casi cierto")))) -> Improbable (puede ocurrir ocasionalmente) | J17: {=_xlfn.XLOOKUP(F17,'Hoja1 (2)'!$B13:B$55,'Hoja1 (2)'!J13:$J$55)} -> 5 | K17: =IF(J17=1,"INSIGNIFICANTE",IF(J17=2,"MENOR",IF(J17=3,"MODERADO",IF(J17=4,"MAYOR","CATASTRÓFICO")))) -> CATASTRÓFICO | L17: =+H17+J17 -> 7 | M17: =IF(OR(L17=0,L17=1,L17=2,L17=3,L17=4),"Bajo",IF(L17=5,"Medio",IF(OR(L17=6,L17=7),"Alto",IF(OR(L17=8,L17=9,L17=10),"Extremo","error")))) -> Alto | N17: Entidad (100%) | O17: Mayor capacitación y asesoría jurídica para mejorar aspectos en la evalaucion del contratista | P17: 1 | Q17: =IF(P17=1,"Raro (puede ocurrir excepcionalmente",IF(P17=2,"Improbable (puede ocurrir ocasionalmente)",IF(P17=3,"Posible (puede ocurrrir en cualquier momento)",IF(P17=4,"Probable (probablemente va a ocurrir","Casi cierto")))) -> Raro (puede ocurrir excepcionalmente | R17: 3 | S17: =IF(R17=1,"INSIGNIFICANTE",IF(R17=2,"MENOR",IF(R17=3,"MODERADO",IF(R17=4,"MAYOR","CATASTRÓFICO")))) -> MODERADO | T17: =+P17+R17 -> 4 | U17: =IF(OR(T17=0,T17=1,T17=2,T17=3,T17=4),"Bajo",IF(T17=5,"Medio",IF(OR(T17=6,T17=7),"Alto",IF(OR(T17=8,T17=9,T17=10),"Extremo","error")))) -> Bajo | V17: No | W17: Secretario Jurídico | X17: Publicacion de proyecto pliegos | Y17: Publicacion resolucion de adjudicacion | Z17: Manifestacion expresa del proponente en la carta de presentacion de la propuesta y verificacion de antecedentes por parte del comité de evaluacion juridico | AA17: Etapa de selección
A18: =+A17+1 -> 9 | B18: General | C18: Interno | D18: Selección | E18: Operacionales | F18: =+_xlfn.XLOOKUP(A18,'Hoja1 (2)'!$A$6:$A$38,'Hoja1 (2)'!$B$6:$B$38) -> Seleccionar contratista con oferta artificialmente baja. | G18: 1, Proceso viciado o manipulado 2, Riesgo de incumplimiento del contrato | H18: {=+_xlfn.XLOOKUP(F18,'Hoja1 (2)'!B14:$B$55,'Hoja1 (2)'!I14:$I$55,)} -> 1 | I18: =IF(H18=1,"Raro (puede ocurrir excepcionalmente",IF(H18=2,"Improbable (puede ocurrir ocasionalmente)",IF(H18=3,"Posible (puede ocurrrir en cualquier momento)",IF(H18=4,"Probable (probablemente va a ocurrir","Casi cierto")))) -> Raro (puede ocurrir excepcionalmente | J18: {=_xlfn.XLOOKUP(F18,'Hoja1 (2)'!$B14:B$55,'Hoja1 (2)'!J14:$J$55)} -> 3 | K18: =IF(J18=1,"INSIGNIFICANTE",IF(J18=2,"MENOR",IF(J18=3,"MODERADO",IF(J18=4,"MAYOR","CATASTRÓFICO")))) -> MODERADO | L18: =+H18+J18 -> 4 | M18: =IF(OR(L18=0,L18=1,L18=2,L18=3,L18=4),"Bajo",IF(L18=5,"Medio",IF(OR(L18=6,L18=7),"Alto",IF(OR(L18=8,L18=9,L18=10),"Extremo","error")))) -> Bajo | N18: Entidad (100%) | O18: Mayor capacitación y asesoría tecnica, juridica y financiera hacia el comité evaluador | P18: 1 | Q18: =IF(P18=1,"Raro (puede ocurrir excepcionalmente",IF(P18=2,"Improbable (puede ocurrir ocasionalmente)",IF(P18=3,"Posible (puede ocurrrir en cualquier momento)",IF(P18=4,"Probable (probablemente va a ocurrir","Casi cierto")))) -> Raro (puede ocurrir excepcionalmente | R18: 1 | S18: =IF(R18=1,"INSIGNIFICANTE",IF(R18=2,"MENOR",IF(R18=3,"MODERADO",IF(R18=4,"MAYOR","CATASTRÓFICO")))) -> INSIGNIFICANTE | T18: =+P18+R18 -> 2 | U18: =IF(OR(T18=0,T18=1,T18=2,T18=3,T18=4),"Bajo",IF(T18=5,"Medio",IF(OR(T18=6,T18=7),"Alto",IF(OR(T18=8,T18=9,T18=10),"Extremo","error")))) -> Bajo | V18: Si | W18: Secretario(a)s Jurídico e Infraestructura | X18: Publicacion de proyecto pliegos | Y18: Publicacion resolucion de adjudicacion | Z18: Comité Técnico, Juridico y Financiero evaluador del proceso de selección, Secretaria de Infraestructura y Juridica | AA18: Etapa de selección
A19: =+A18+1 -> 10 | B19: General | C19: Interno | D19: Selección | E19: Operacionales | F19: =+_xlfn.XLOOKUP(A19,'Hoja1 (2)'!$A$6:$A$38,'Hoja1 (2)'!$B$6:$B$38) -> Que no se firme el contrato o que se firme tardíamente | G19: 1, Riesgo de demandas 2, Incumplimientos y aplicación de polizas | H19: {=+_xlfn.XLOOKUP(F19,'Hoja1 (2)'!B15:$B$55,'Hoja1 (2)'!I15:$I$55,)} -> 1 | I19: =IF(H19=1,"Raro (puede ocurrir excepcionalmente",IF(H19=2,"Improbable (puede ocurrir ocasionalmente)",IF(H19=3,"Posible (puede ocurrrir en cualquier momento)",IF(H19=4,"Probable (probablemente va a ocurrir","Casi cierto")))) -> Raro (puede ocurrir excepcionalmente | J19: {=_xlfn.XLOOKUP(F19,'Hoja1 (2)'!$B15:B$55,'Hoja1 (2)'!J15:$J$55)} -> 5 | K19: =IF(J19=1,"INSIGNIFICANTE",IF(J19=2,"MENOR",IF(J19=3,"MODERADO",IF(J19=4,"MAYOR","CATASTRÓFICO")))) -> CATASTRÓFICO | L19: =+H19+J19 -> 6 | M19: =IF(OR(L19=0,L19=1,L19=2,L19=3,L19=4),"Bajo",IF(L19=5,"Medio",IF(OR(L19=6,L19=7),"Alto",IF(OR(L19=8,L19=9,L19=10),"Extremo","error")))) -> Alto | N19: Entidad (100%) | O19: Mayor capacitación y asesoría tecnica hacia el comité evaluador para la aplicación de la metodologia adoptada por la entidad para la identificacion de propuestas artificailmente bajas | P19: 1 | Q19: =IF(P19=1,"Raro (puede ocurrir excepcionalmente",IF(P19=2,"Improbable (puede ocurrir ocasionalmente)",IF(P19=3,"Posible (puede ocurrrir en cualquier momento)",IF(P19=4,"Probable (probablemente va a ocurrir","Casi cierto")))) -> Raro (puede ocurrir excepcionalmente | R19: 3 | S19: =IF(R19=1,"INSIGNIFICANTE",IF(R19=2,"MENOR",IF(R19=3,"MODERADO",IF(R19=4,"MAYOR","CATASTRÓFICO")))) -> MODERADO | T19: =+P19+R19 -> 4 | U19: =IF(OR(T19=0,T19=1,T19=2,T19=3,T19=4),"Bajo",IF(T19=5,"Medio",IF(OR(T19=6,T19=7),"Alto",IF(OR(T19=8,T19=9,T19=10),"Extremo","error")))) -> Bajo | V19: Si | W19: Secretario de Infraestructura | X19: Publicacion de proyecto pliegos | Y19: Publicacion resolucion de adjudicacion | Z19: Comité Técnico Evaluador del proceso de selección, Secretaria de Infraestructura | AA19: Etapa de selección
A20: =+A19+1 -> 11 | B20: General | C20: Interno | D20: Contratación | E20: Operacionales | F20: =+_xlfn.XLOOKUP(A20,'Hoja1 (2)'!$A$6:$A$38,'Hoja1 (2)'!$B$6:$B$38) -> No presentación, presentación incompleta o tardía de garantías. | G20: 1, Demoras en el inicio de las actividades | H20: {=+_xlfn.XLOOKUP(F20,'Hoja1 (2)'!B16:$B$55,'Hoja1 (2)'!I16:$I$55,)} -> 2 | I20: =IF(H20=1,"Raro (puede ocurrir excepcionalmente",IF(H20=2,"Improbable (puede ocurrir ocasionalmente)",IF(H20=3,"Posible (puede ocurrrir en cualquier momento)",IF(H20=4,"Probable (probablemente va a ocurrir","Casi cierto")))) -> Improbable (puede ocurrir ocasionalmente) | J20: {=_xlfn.XLOOKUP(F20,'Hoja1 (2)'!$B16:B$55,'Hoja1 (2)'!J16:$J$55)} -> 5 | K20: =IF(J20=1,"INSIGNIFICANTE",IF(J20=2,"MENOR",IF(J20=3,"MODERADO",IF(J20=4,"MAYOR","CATASTRÓFICO")))) -> CATASTRÓFICO | L20: =+H20+J20 -> 7 | M20: =IF(OR(L20=0,L20=1,L20=2,L20=3,L20=4),"Bajo",IF(L20=5,"Medio",IF(OR(L20=6,L20=7),"Alto",IF(OR(L20=8,L20=9,L20=10),"Extremo","error")))) -> Alto | N20: Entidad (100%) | O20: Incluir exigencia en la minuta o clausulado del contrato y hacer efectiva de la garantia de seriedad de la oferta. | P20: 1 | Q20: =IF(P20=1,"Raro (puede ocurrir excepcionalmente",IF(P20=2,"Improbable (puede ocurrir ocasionalmente)",IF(P20=3,"Posible (puede ocurrrir en cualquier momento)",IF(P20=4,"Probable (probablemente va a ocurrir","Casi cierto")))) -> Raro (puede ocurrir excepcionalmente | R20: 3 | S20: =IF(R20=1,"INSIGNIFICANTE",IF(R20=2,"MENOR",IF(R20=3,"MODERADO",IF(R20=4,"MAYOR","CATASTRÓFICO")))) -> MODERADO | T20: =+P20+R20 -> 4 | U20: =IF(OR(T20=0,T20=1,T20=2,T20=3,T20=4),"Bajo",IF(T20=5,"Medio",IF(OR(T20=6,T20=7),"Alto",IF(OR(T20=8,T20=9,T20=10),"Extremo","error")))) -> Bajo | V20: No | W20: Secretario de Infraestructura | X20: Resolucion de adjudicacion del proceso | Y20: Inicio del contrato | Z20: Secretario de infraestructura con apoyo de los abogados de la dependencia, solicitud de garantia de seriedad de la oferta. | AA20: Etapa de Contratacion
A21: =+A20+1 -> 12 | B21: General | C21: Interno | D21: Contratación | E21: Operacionales | F21: =+_xlfn.XLOOKUP(A21,'Hoja1 (2)'!$A$6:$A$38,'Hoja1 (2)'!$B$6:$B$38) -> No publicación o publicación inoportuna del contrato (cuando se presente indisponibilidad de la plataforma SECOP II) | G21: 1, Demoras en el inicio de las actividades | H21: {=+_xlfn.XLOOKUP(F21,'Hoja1 (2)'!B17:$B$55,'Hoja1 (2)'!I17:$I$55,)} -> 2 | I21: =IF(H21=1,"Raro (puede ocurrir excepcionalmente",IF(H21=2,"Improbable (puede ocurrir ocasionalmente)",IF(H21=3,"Posible (puede ocurrrir en cualquier momento)",IF(H21=4,"Probable (probablemente va a ocurrir","Casi cierto")))) -> Improbable (puede ocurrir ocasionalmente) | J21: {=_xlfn.XLOOKUP(F21,'Hoja1 (2)'!$B17:B$55,'Hoja1 (2)'!J17:$J$55)} -> 3 | K21: =IF(J21=1,"INSIGNIFICANTE",IF(J21=2,"MENOR",IF(J21=3,"MODERADO",IF(J21=4,"MAYOR","CATASTRÓFICO")))) -> MODERADO | L21: =+H21+J21 -> 5 | M21: =IF(OR(L21=0,L21=1,L21=2,L21=3,L21=4),"Bajo",IF(L21=5,"Medio",IF(OR(L21=6,L21=7),"Alto",IF(OR(L21=8,L21=9,L21=10),"Extremo","error")))) -> Medio | N21: Contratista (100%) | O21: Hacer efectiva de la garantia de seriedad de la oferta. | P21: 1 | Q21: =IF(P21=1,"Raro (puede ocurrir excepcionalmente",IF(P21=2,"Improbable (puede ocurrir ocasionalmente)",IF(P21=3,"Posible (puede ocurrrir en cualquier momento)",IF(P21=4,"Probable (probablemente va a ocurrir","Casi cierto")))) -> Raro (puede ocurrir excepcionalmente | R21: 1 | S21: =IF(R21=1,"INSIGNIFICANTE",IF(R21=2,"MENOR",IF(R21=3,"MODERADO",IF(R21=4,"MAYOR","CATASTRÓFICO")))) -> INSIGNIFICANTE | T21: =+P21+R21 -> 2 | U21: =IF(OR(T21=0,T21=1,T21=2,T21=3,T21=4),"Bajo",IF(T21=5,"Medio",IF(OR(T21=6,T21=7),"Alto",IF(OR(T21=8,T21=9,T21=10),"Extremo","error")))) -> Bajo | V21: No | W21: Secretario de Infraestructura | X21: Resolucion de adjudicacion del proceso | Y21: Tres (3) días siguientes a la firma del contrato | Z21: Secretario de infraestructura, dependencia de Archivo y sistemas | AA21: Etapa de Contratacion
A22: =+A21+1 -> 13 | B22: General | C22: Externo | D22: Contratación | E22: Operacionales | F22: =+_xlfn.XLOOKUP(A22,'Hoja1 (2)'!$A$6:$A$38,'Hoja1 (2)'!$B$6:$B$38) -> Reclamos de terceros sobre la selección del contratista. | G22: 1, Incumplimiento en las obligaciones de transparencia y publicacion de informacion | H22: {=+_xlfn.XLOOKUP(F22,'Hoja1 (2)'!B18:$B$55,'Hoja1 (2)'!I18:$I$55,)} -> 2 | I22: =IF(H22=1,"Raro (puede ocurrir excepcionalmente",IF(H22=2,"Improbable (puede ocurrir ocasionalmente)",IF(H22=3,"Posible (puede ocurrrir en cualquier momento)",IF(H22=4,"Probable (probablemente va a ocurrir","Casi cierto")))) -> Improbable (puede ocurrir ocasionalmente) | J22: {=_xlfn.XLOOKUP(F22,'Hoja1 (2)'!$B18:B$55,'Hoja1 (2)'!J18:$J$55)} -> 1 | K22: =IF(J22=1,"INSIGNIFICANTE",IF(J22=2,"MENOR",IF(J22=3,"MODERADO",IF(J22=4,"MAYOR","CATASTRÓFICO")))) -> INSIGNIFICANTE | L22: =+H22+J22 -> 3 | M22: =IF(OR(L22=0,L22=1,L22=2,L22=3,L22=4),"Bajo",IF(L22=5,"Medio",IF(OR(L22=6,L22=7),"Alto",IF(OR(L22=8,L22=9,L22=10),"Extremo","error")))) -> Bajo | N22: Entidad (100%) | O22: Mayor seguimiento en la entidad y su equipo tecnico. | P22: 1 | Q22: =IF(P22=1,"Raro (puede ocurrir excepcionalmente",IF(P22=2,"Improbable (puede ocurrir ocasionalmente)",IF(P22=3,"Posible (puede ocurrrir en cualquier momento)",IF(P22=4,"Probable (probablemente va a ocurrir","Casi cierto")))) -> Raro (puede ocurrir excepcionalmente | R22: 1 | S22: =IF(R22=1,"INSIGNIFICANTE",IF(R22=2,"MENOR",IF(R22=3,"MODERADO",IF(R22=4,"MAYOR","CATASTRÓFICO")))) -> INSIGNIFICANTE | T22: =+P22+R22 -> 2 | U22: =IF(OR(T22=0,T22=1,T22=2,T22=3,T22=4),"Bajo",IF(T22=5,"Medio",IF(OR(T22=6,T22=7),"Alto",IF(OR(T22=8,T22=9,T22=10),"Extremo","error")))) -> Bajo | V22: No | W22: Secretario de Infraestructura | X22: Resolucion de adjudicacion del proceso | Y22: Cuatro (4) meses en el caso del medio de control del proceso de nulidad y reestablecimiento del derecho y dos (2) años en el caso de la reparacion directa | Z22: Secretario de infraestructura con apoyo de los abogados de la dependencia. | AA22: Etapa de Contratacion
... A42: =+A41+1 -> 33 | B42: General | C42: Externo | D42: Ejecución | E42: Riesgos de la Salud | F42: =+_xlfn.XLOOKUP(A42,'Hoja1 (2)'!$A$6:$A$38,'Hoja1 (2)'!$B$6:$B$38) -> Presencia de Riesgos Biológicos. Se refiere a la posibilidad que durante la ejecución del contrato, los colaboradores del Contratista, presenten sintomas de enfermedades altamente contagiosas y que afecten y deterioren la Salud del Personal. Tales como el COVID-19, entre otros. | G42: 1,Deterioro notorio y grave de la salud y posible contagio 2, Podria impedir el cumplimiento del contrato acorde a las politicas de confinamiento y cuidado de la salud, | H42: {=+_xlfn.XLOOKUP(F42,'Hoja1 (2)'!B38:$B$55,'Hoja1 (2)'!I38:$I$55,)} -> 2 | I42: =IF(H42=1,"Raro (puede ocurrir excepcionalmente",IF(H42=2,"Improbable (puede ocurrir ocasionalmente)",IF(H42=3,"Posible (puede ocurrrir en cualquier momento)",IF(H42=4,"Probable (probablemente va a ocurrir","Casi cierto")))) -> Improbable (puede ocurrir ocasionalmente) | J42: {=_xlfn.XLOOKUP(F42,'Hoja1 (2)'!$B38:B$55,'Hoja1 (2)'!J38:$J$55)} -> 3 | K42: =IF(J42=1,"INSIGNIFICANTE",IF(J42=2,"MENOR",IF(J42=3,"MODERADO",IF(J42=4,"MAYOR","CATASTRÓFICO")))) -> MODERADO | L42: =+H42+J42 -> 5 | M42: =IF(OR(L42=0,L42=1,L42=2,L42=3,L42=4),"Bajo",IF(L42=5,"Medio",IF(OR(L42=6,L42=7),"Alto",IF(OR(L42=8,L42=9,L42=10),"Extremo","error")))) -> Medio | N42: Contratist (50%) y Entidad (50%) | O42: La aplicación preventiva de las medidas de Bioseguridad establecidas por las Autoridades de Salud en Colombia y sus respectivos Protocolos. | P42: 1 | Q42: =IF(P42=1,"Raro (puede ocurrir excepcionalmente",IF(P42=2,"Improbable (puede ocurrir ocasionalmente)",IF(P42=3,"Posible (puede ocurrrir en cualquier momento)",IF(P42=4,"Probable (probablemente va a ocurrir","Casi cierto")))) -> Raro (puede ocurrir excepcionalmente | R42: 3 | S42: =IF(R42=1,"INSIGNIFICANTE",IF(R42=2,"MENOR",IF(R42=3,"MODERADO",IF(R42=4,"MAYOR","CATASTRÓFICO")))) -> MODERADO | T42: =+P42+R42 -> 4 | U42: =IF(OR(T42=0,T42=1,T42=2,T42=3,T42=4),"Bajo",IF(T42=5,"Medio",IF(OR(T42=6,T42=7),"Alto",IF(OR(T42=8,T42=9,T42=10),"Extremo","error")))) -> Bajo | V42: SI | W42: contratista, Supervisor | X42: Inicio del contrato | Y42: Terminacion del contrato | Z42: Previo al inicio de la ejecución de las actividades, el contratista deberá presentar certificación individual vigente del estado de salud de cada integrante colaborador (empleado o contratista) expedida por la ARL | AA42: Mensualmente
A44: ANEXO DEL ESTUDIO PREVIO
A45: Elaboró: Luisa Maria Grajales Pulgarin
A46: Revisó: | B46: Diego Alejandro Lobo Morale
A47: Aprobó: | B47: Jorge Hernando Cote Ante

Sheet Tabla de Valoración
A1: TABLA DE VALORACIÓN DEL RIESGO
E2: IMPACTO
A3: Cualificación Cuantitativa | E3: Obstruye la ejecución del contrato de manera intrascendente. | F3: Dificulta la ejecución del contrato de manera baja, aplicando medidas mínimas se pueden lograr el objeto contractual. | G3: Afecta la ejecución del contrato sin alterar el beneficio para las partes. | I3: Obstruye la ejecución del contrato sustancialmente pero aun as( permite la consecución del objeto contractual. | K3: Perturba la ejecución del contrato de manera grave imposibilitando la consecución del objeto contractual.
A4: Calificación monetaria | E4: Los sobrecostos no representan mas del uno por orientó (1 %) del valor del contrato. | F4: Los sobrecostos no representan mas del cinco por ciento (5%) del valor del contrato. | G4: Genera un impacto sobre el valor del contrato entre el cinco (5%) y el quince por ciento (15%). | I4: Incrementa el valor del contrato entre el quince (15%) y el treinta por ciento (30%). | K4: Impacto sobre el valor del contrato en mas del treinta por ciento (30%).
A5: CATEGORÍA | D5: VALORACIÓN | E5: INSIGNIFICANTE | F5: MENOR | G5: MODERADO | I5: MAYOR | K5: CATASTRÓFICO
E6: 1 | F6: 2 | G6: 3 | I6: 4 | K6: 5
A7: Raro (Puede ocurrir excepcionalmente) | D7: 1 | E7: 2 | F7: 3 | G7: 4 | I7: 5 | K7: 6
A8: Improbable (Puede ocurrir ocasionalmente) | D8: 2 | E8: 3 | F8: 4 | G8: 5 | I8: 6 | K8: 7
A9: Posible (Puede ocurrir en cualquier momento futuro | D9: 3 | E9: 4 | F9: 5 | G9: 6 | I9: 7 | K9: 8
A10: Probable (Probablemente va a ocurrir) | D10: 4 | E10: 5 | F10: 6 | G10: 7 | I10: 8 | K10: 9
A11: Casi Cierto (Ocurre en la mayoría de las circunstancias) | D11: 5 | E11: 6 | F11: 7 | G11: 8 | I11: 9 | K11: 10

Sheet Instructivo matriz
A1: EXTRACTO DEL MANUAL PARA LA IDENTIFICACIÓN Y COBERTURA DEL RIESGO EN LOS PROCESOS DE CONTRATACIÓN
A4: A. | B4: A. Riesgos en el Proceso de Contratación (Aspectos)
A5: 1. | B5: Los eventos que impidan la adjudicación y firma del contrato como resultado del Proceso de Contratación.
A6: 2. | B6: Los eventos que alteren la ejecución del contrato.
A7: 3. | B7: El equilibrio económico del contrato.
A8: 4. | B8: La eficacia del Proceso de Contratación, es decir, que se pueda satisfacer la necesidad que motivó el Proceso de Contratación.
A9: 5. | B9: La reputación y legitimidad del IDRD de prestar el bien o servicio.
A11: B. | B11: Estructura de la administración de Riesgos (Pasos)
A12: 1. | B12: Establecer el contexto en el cual se adelanta el Proceso de Contratación.
A13: 2. | B13: Identificar y clasificar los Riesgos del Proceso de Contratación.
A14: 3. | B14: Evaluar y calificar los Riesgos.
A15: 4. | B15: Asignar y tratar los Riesgos.
A16: 5. | B16: Monitorear y revisar la gestión de los Riesgos.
... A34: 1. | B34: Establecer el contexto
B35: Identificar el contexto para conocer el ambiente social, económico y político, e identificar:
B36: a. sus propios Riesgos;
B37: b. los Riesgos comunes a sus Procesos de Contratación;
B38: c. los Riesgos del Proceso de Contratación en particular.
B39: Identificar los aspectos que se mencionan a continuación y los posibles efectos adversos que estos pueden generar.
B40: a. El objeto del Proceso de Contratación.
B41: b. Los partícipes del Proceso de Contratación.
B42: c. La ciudadanía que se beneficia del Proceso de Contratación.
B43: d. La capacidad del IDRD entendida como la disponibilidad de recursos y conocimientos para el Proceso de Contratación.
B44: d. La suficiencia del presupuesto oficial del Proceso de Contratación.
B45: e. Las condiciones geográficas y de acceso del lugar en el cual se debe cumplir el objeto del Proceso de Contratación.
B46: f. El entorno socio ambiental.
... B51: k. Experiencia propia y de otras Entidades Estatales en Procesos de Contratación del mismo tipo.
A53: 2. | B53: Identificar y clasificar los Riesgos
B54: Identificar e incluir en la matriz propuesta los Riesgos del Proceso de Contratación.
B55: Fuentes: los planes estratégicos, planes de acción, reportes de desempeño, presupuestos, Riesgos identificados por otras Entidades Estatales, lluvia de ideas, paneles de expertos cuando la complejidad del Proceso de Contratación lo exige, análisis DOFA, encuestas y cuestionarios.
A56: 2.1. | B56: Clase
A57: 2.1.1. | B57: General: es un Riesgo de todos los Procesos de Contratación adelantados por el IDRD, por lo cual está presente en toda su actividad contractual.
A58: 2.1.2. | B58: Específico: es un Riesgo propio del Proceso de Contratación objeto de análisis.
A59: 2.2. | B59: Fuente
A60: 2.2.1. | B60: Interno: es un Riesgo asociado a la operación, capacidad, o situación particular del IDRD (reputacional, tecnológico).
A61: 2.2.2. | B61: Externo: es un Riesgo del sector del objeto del Proceso de Contratación, o asociado a asuntos no referidos al IDRD (desastres económicos, existencia de monopolios, circunstancias electorales).
A62: 2.3. | B62: Etapa
A63: 2.3.1. | B63: Planeación: la etapa de planeación está comprendida entre la elaboración del Plan Anual de Adquisiciones y la fecha en la cual se decide continuar o no con el Proceso de Contratación. Durante esta etapa, el IDRD elabora los estudios previos y el proyecto de pliegos de condiciones o sus equivalentes. Dentro de las preguntas que el IDRD debe hacerse para identificar los Riesgos de la etapa de planeación se encuentran las siguientes:
B64: (i) La modalidad de contratación es adecuada para el bien servicio u obra necesitado.
B65: (ii) Los requisitos habilitantes son los apropiados para el Proceso de Contratación y es posible encontrar proponentes que los cumplan incluyendo los Riesgos relacionados con la habilidad para determinar requisitos habilitantes consistentes con el Proceso de Contratación y con el sector económico en el que actúan los posibles oferentes.
B66: (iii) El valor del contrato corresponde a los precios del mercado.
B67: (iv) La descripción del bien o servicio requerido es claro.
B68: (v) El Proceso de Contratación cuenta con las condiciones que garanticen la transparencia, equidad y competencia entre los proponentes.
B69: (vi) El estudio de mercado permite identificar los aspectos de oferta y demanda del mercado respectivo.
B70: (vii) El diseño del Proceso de Contratación permite satisfacer las necesidades del IDRD, cumplir su misión y si es coherente con el cumplimiento de sus objetivos y metas.
A71: 2.3.2. | B71: Selección: la etapa de selección está comprendida entre el acto de Apertura del Proceso de Contratación y la Adjudicación o la declaración de desierto del Proceso de Contratación. En la etapa de selección el IDRD selecciona al contratista. En esta etapa los Riesgos frecuentes son los siguientes:
B72: (i) Falta de capacidad del IDRD para promover y adelantar la selección del contratista, incluyendo el riesgo de seleccionar aquellos que no cumplan con la totalidad de los requisitos habilitantes o se encuentren incursos en alguna inhabilidad o incompatibilidad.
B73: (ii) Riesgo de colusión.
B74: (iii) Riesgo de ofertas artificialmente bajas.
A75: 2.3.3. | B75: Contratación: Una vez adjudicado el contrato objeto del Proceso de Contratación, inicia la etapa de contratación en la cual se debe cumplir con el cronograma previsto para la celebración del contrato, el registro presupuestal, la publicación en el SECOP y el cumplimiento de los requisitos para el perfeccionamiento, ejecución y pago. En esta etapa los Riesgos frecuentes son los siguientes:
B76: (i) Riesgo de que no se firme el contrato.
B77: (ii) Riesgo de que no se presenten las garantías requeridas en los Documentos del Proceso de Contratación o que su presentación sea tardía.
B78: (iii) Riesgos asociados al incumplimiento de la publicación o el registro presupuestal del contrato.
B79: (iv) Riesgos asociados a los reclamos de terceros sobre la selección del oferente que retrasen el perfeccionamiento del contrato.
A80: 2.3.4. | B80: Ejecución: la etapa de ejecución inicia una vez cumplidos los requisitos previstos para iniciar la ejecución del contrato respectivo y termina con el vencimiento del plazo del contrato o la fecha de liquidación si hay lugar a ella. Esta etapa puede extenderse cuando hay lugar a garantías de calidad, estabilidad y mantenimiento, o a condiciones de disposición final o recuperación ambiental de las obras o bienes. En esta etapa se cumplen con las obligaciones previstas en el contrato, permitiendo el logro del objeto del Proceso de Contratación; en consecuencia los Riesgos frecuentes son los asociados al cumplimiento del contrato y el logro del objeto propuesto, el rompimiento del equilibrio económico del contrato, los asociados a la liquidación y terminación del contrato y aquellos relacionados con el incumplimiento de la normativa posconsumo.
A81: 2.4. | B81: Tipo de Riesgo
A82: 2.4.1. | B82: Riesgos Económicos: son los derivados del comportamiento del mercado, tales como la fluctuación de los precios de los insumos, desabastecimiento y especulación de los mismos, entre otros.
A83: 2.4.2. | B83: Riesgos Sociales o Políticos: son los derivados de los cambios de las políticas gubernamentales y de cambios en las condiciones sociales que tengan impacto en la ejecución del contrato.
A84: 2.4.3. | B84: Riesgos Operacionales: son los asociados a la operatividad del contrato, tales como la suficiencia del presupuesto oficial, del plazo o los derivados de procesos, procedimientos, parámetros, sistemas de información y tecnológicos, equipos humanos o técnicos inadecuados o insuficientes.
A85: 2.4.4. | B85: Riesgos Financieros: son (i) el riesgo de consecución de financiación o riesgo de liquidez para obtener recursos para cumplir con el objeto del contrato, y (ii) el riesgo de las condiciones financieras establecidas para la obtención de los recursos, tales como plazos, tasas, garantías, contragarantías, y refinanciaciones, entre otros.
A86: 2.4.5. | B86: Riesgos Regulatorios: derivados de cambios regulatorios o reglamentarios que afecten la ecuación económica del contrato.
A87: 2.4.6. | B87: Riesgos de la Naturaleza: son los eventos naturales previsibles en los cuales no hay intervención humana que puedan tener impacto en la ejecución del contrato, por ejemplo los temblores, inundaciones, lluvias, sequías, entre otros.
A88: 2.4.7. | B88: Riesgos Ambientales: son los derivados de las obligaciones legales o reglamentarias de carácter ambiental, así como de las licencias, planes de manejo o de permisos y autorizaciones ambientales, incluyendo tasas retributivas y compensatorias, obligaciones de mitigación, tareas de monitoreo y control, entre otras.
A89: 2.4.8. | B89: Riesgos Tecnológicos: son los derivados de fallas en los sistemas de comunicación de voz y de datos, suspensión de servicios públicos, nuevos desarrollos tecnológicos o estándares que deben ser tenidos en cuenta para la ejecución del contrato, obsolescencia tecnológica.
A91: 3. | B91: Evaluar y calificar los Riesgos
B92: Evaluar cada uno de los Riesgos identificados, estableciendo el impacto de los mismos frente al logro de los objetivos del Proceso de Contratación y su probabilidad de ocurrencia. Esta evaluación tiene como fin asignar a cada Riesgo una calificación en términos de impacto y de probabilidad, la cual permite establecer la valoración de los Riesgos identificados y las acciones que se deban efectuar. Para estimar el impacto y la probabilidad de ocurrencia de un evento que afecte de manera negativa el Proceso de Contratación, se sugiere considerar fuentes de información como:
B93: a. Registros anteriores de la ocurrencia del evento en Proceso de Contratación propios y de otras Entidades Estatales.
B94: b. Experiencia relevante propia y de otras Entidades Estatales.
B95: c. Prácticas y experiencia de la industria o el sector en el manejo del Riesgo identificado.
B96: d. Publicaciones o noticias sobre la ocurrencia del Riesgo identificado.
B97: e. Opiniones y juicios de especialistas y expertos.
B98: f. Estudios técnicos.
B100: Se debe evaluar los Riesgos combinando la probabilidad de ocurrencia y el impacto del evento para:
B101: (a) Asignar una categoría a cada Riesgo de acuerdo con la probabilidad de ocurrencia así: raro, improbable, posible, probable y casi cierto y valorarlos de 1 a 5 siendo raro el de valor más bajo y casi cierto el de valor más alto. Se puede utilizar las fuentes de información sugeridas anteriormente, métodos cuantitativos con diferentes metodologías que arrojen otros resultados y complementen los resultados de la matriz de evaluación de riesgos.
B103: Tabla 1 - Probabilidad del Riesgo
B114: (b) Determinar el impacto del Riesgo, utilizando la Tabla 2, analizando los siguientes criterios: (i) la calificación cualitativa del efecto del Riesgo, y (ii) la calificación monetaria del Riesgo, la cual corresponde a la estimación de los sobrecostos ocasionados por la ocurrencia del Riesgo como un porcentaje del valor total del presupuesto del contrato. Se debe escoger la mayor valoración resultante de los criterios (i) y (ii) para determinar el impacto del Riesgo.
B116: Tabla 2 - Impacto de Riesgo
... B152: Tabla - Categoría del Riesgo
A162: 4. | B162: Asignación y tratamiento de los Riesgos
B163: Una vez realizada la evaluación y calificación de cada uno de los Riesgos asociados al Proceso de Contratación, se debe establecer un orden de prioridades para decidir:
B164: (a) Evitar el Riesgo, para lo cual debe decidir no proceder con la actividad que causa el Riesgo o buscar alternativas para obtener el beneficio del Proceso de Contratación.
B165: (b) Transferir el Riesgo haciendo responsable a otra entidad quien asume las consecuencias de la materialización del Riesgo, típicamente se transfiere el Riesgo a través de las garantías previstas en el Proceso de Contratación o en las condiciones del contrato estableciendo con claridad quien es el responsable. El principio general es que el Riesgo debe asumirlo la parte que pueda enfrentarlo en mejor forma, bien sea por su experiencia, conocimiento o papel dentro de la ecuación contractual, entre otras.
B166: (c) Aceptar el Riesgo cuando no puede ser evitado ni ser transferido o el costo de evitarlo o transferirlo es muy alto. En este caso se recomiendan medidas para reducir el Riesgo o mitigar su impacto, así como el monitoreo.
B167: (d) Reducir la probabilidad de la ocurrencia del evento, cuando el Riesgo debe ser aceptado. Para el efecto se sugieren medidas como: (i) aclarar los requisitos, requerimientos y especificaciones y productos del contrato; (ii) revisar procesos; (iii) establecer sistemas de aseguramiento de calidad en los contratos; (iv) especificar estándares de los bienes y servicios; (v) hacer pruebas e inspecciones de los bienes; (vi) establecer sistemas de acreditación profesional; (vii) incluir declaraciones y garantías del contratista; (viii) administrar la relación entre proveedores y compradores.
B168: (e) Reducir las consecuencias o el impacto del Riesgo a través de planes de contingencia, en los términos y condiciones del contrato, inspecciones y revisiones para revisar el cumplimiento del contrato y programas de apremio para lograr el cumplimiento del contrato.
B169: Se debe seleccionar la opción apropiada teniendo en cuenta el costo y el beneficio de cualquiera de las acciones identificadas para el tratamiento del Riesgo, enumeradas anteriormente. En la mayoría de los casos una combinación de opciones permite el mejor resultado.
B170: Generalmente las medidas para tratar los Riesgos son acciones o actividades específicas para responder a los eventos, para lo cual se sugiere preparar un plan de tratamiento para documentar cómo se enfrenta cada uno de los Riesgos (ver matriz), incluyendo acciones, cronogramas, recursos (personal, información) y presupuesto, responsabilidades, necesidades de informes y reportes y de monitoreo.
B171: La tarea más importante del manejo del Riesgo es la implementación del plan de tratamiento, lo cual requiere atención, asegurar los recursos que requiere y el cumplimiento oportuno de las tareas previstas en este plan. La matriz debe contener la información básica del tratamiento de los Riesgos.
A173: 5. | B173: Monitorear los Riesgos
B174: Se debe realizar un monitoreo constante a los Riesgos del Proceso de Contratación pues las circunstancias cambian rápidamente y los Riesgos no son estáticos. La matriz y el plan de tratamiento deben ser revisadas constantemente y revisar si es necesario hacer ajustes al plan de tratamiento de acuerdo con las circunstancias.
B175: Este monitoreo debe:
B176: (a) Garantizar que los controles son eficaces y eficientes en el diseño y en la operación.
B177: (b) Obtener información adicional para mejorar la valoración del Riesgo.
B178: (c) Analizar y aprender lecciones a partir de los eventos, los cambios, las tendencias, los éxitos y los fracasos.
B179: (d) Detectar cambios en el contexto externo e interno que puedan exigir revisión de los tratamientos del Riesgo y establecer un orden de prioridades de acciones para el tratamiento del Riesgo.
B180: (e) Identificar nuevos Riesgos que pueden surgir.
B181: Finalmente, se debe monitorear los Riesgos y revisar la efectividad y el desempeño de las herramientas implementadas para su gestión. Para lo cual, debe: (i) asignar responsables; (ii) fijar fechas de inicio y terminación de las actividades requeridas; (iii) señalar la forma de seguimiento (encuestas, muestreos aleatorios de calidad, u otros); (iv) definir la periodicidad de revisión; y (v) documentar las actividades de monitoreo.
B183: Los Documentos a incluir del Proceso de Contratación y en la audiencia de asignación de Riesgos
B184: Se debe incluir en los Estudios Previos del Proceso de Contratación los Riesgos que afecten la ejecución del contrato y que identificó en la matriz de administración de Riesgos. Esta misma matriz debe incluirse en el proyecto de Pliego de Condiciones o su equivalente y la información contenida en ella debe utilizarse para analizar y tratar los riesgos del proceso de contratación. Aquellos tratamientos que correspondan a garantías, cláusulas penales o multas y sanciones, deben ser incluidos en el Pliego de Condiciones o su equivalente y en la minuta del contrato. En los procesos de licitación pública, se debe adelantar una audiencia de asignación de Riesgos en la cual debe presentar el análisis de Riesgos efectuado y presentar a los interesados la matriz incluida en los pliegos y revisar la asignación de los Riesgos.

Sheet Hoja1
A1: VALORACION | B1: CATEGORIA | C1: NRO. RIESGOS | D1: PORCENTAJE
A2: 8,9 Y 10 | B2: EXTREMO | C2: =+COUNTIF('Matriz de Riesgos Contratacion'!$M$10:$M$39,"Extremo") -> 0 | D2: =+C2/$C$6 -> 0
A3: 6 Y 7 | B3: ALTO | C3: =+COUNTIF('Matriz de Riesgos Contratacion'!$M$10:$M$39,"Alto") -> 8 | D3: =+C3/$C$6 -> 0.26666667
A4: 5 | B4: MEDIO | C4: =+COUNTIF('Matriz de Riesgos Contratacion'!$M$10:$M$39,"Medio") -> 8 | D4: =+C4/$C$6 -> 0.26666667
A5: 2, 3 Y 4 | B5: BAJO | C5: =+COUNTIF('Matriz de Riesgos Contratacion'!$M$10:$M$39,"Bajo") -> 14 | D5: =+C5/$C$6 -> 0.46666667
A6: TOTAL | C6: =SUM(C2:C5) -> 30 | D6: =+C6/$C$6 -> 1
